 Dungeon Crawl Stone Soup version 0.24-a0-170-gd8427f5 (console) character file.

Game seed: 10140077451753084319

571 Duffy the Firebug (level 7, -2/37 HPs)
             Began as a Deep Elf Fire Elementalist on Mar 8, 2019.
             Was an Initiate of Vehumet.
             Shot with an arrow by a centaur (7 damage)
             ... on level 5 of the Dungeon.
             The game lasted 00:05:56 (5609 turns).

Duffy the Firebug (Deep Elf Fire Elementalist)      Turns: 5609, Time: 00:05:57

Health: -2/37      AC: 10    Str:  8    XL:     7   Next: 12%
Magic:  12/16      EV: 13    Int: 22    God:    Vehumet [......]
Gold:   77         SH:  0    Dex: 13    Spells: 5/16 levels left

rFire    + . .     SeeInvis .   k - staff of cold {!a}
rCold    + . .     Gourm    .   (no shield)
rNeg     + . .     Faith    .   a - +0 robe
rPois    .         Spirit   .   (no helmet)
rElec    .         Reflect  .   (no cloak)
rCorr    .         Harm     +   y - +0 pair of gloves of the Hurricane {rF+ rN+ Str+3 Dex-2} (curse)
MR       .....                  j - +0 pair of boots
Stlth    ++........             n - amulet of harm
HPRegen  0.12/turn              v - +6 ring of protection
MPRegen  0.15/turn              (no ring)

@: no status effects
A: no striking features
a: Renounce Religion


You were on level 5 of the Dungeon.
You worshipped Vehumet.
Vehumet was noncommittal.
You were hungry.

You visited 2 branches of the dungeon, and saw 6 of its levels.

You collected 237 gold pieces.
You spent 160 gold pieces at shops.

Inventory:

Armour
 a - a +0 robe (worn)
 j - a +0 pair of boots (worn)
 l - a +0 large shield
 q - a +0 pair of gloves
 y - the cursed +0 pair of gloves of the Hurricane (worn) {rF+ rN+ Str+3 Dex-2}
   (You found it on level 4 of the Dungeon)

   It affects your strength (+3).
   It affects your dexterity (-2).
   It protects you from fire.
   It protects you from negative energy.
   It has a curse placed upon it.
Magical Staves
 k - an uncursed staff of cold (weapon) {!a}
Jewellery
 n - an amulet of harm (around neck)
 v - a +6 ring of protection (left hand)
Scrolls
 d - 5 scrolls of remove curse {unknown}
 h - 4 scrolls of identify {unknown}
 o - a scroll of fog {unknown}
 p - a scroll of magic mapping {unknown}
 u - 3 scrolls of fear {unknown}
 A - 2 scrolls of teleportation {unknown}
Potions
 b - 3 potions of mutation
 e - a potion of flight {unknown}
 f - 4 potions of haste {unknown}
 g - a potion of resistance {unknown}
 i - 5 potions of curing
 m - a potion of brilliance {unknown}
 r - a potion of heal wounds {unknown}
 s - 2 potions of lignification {unknown}
 t - 2 potions of ambrosia {unknown}
 w - a potion of invisibility {unknown}
 x - a potion of berserk rage {unknown}
 B - a potion of agility
Comestibles
 c - 12 rations
 z - 4 chunks of flesh


   Skills:
 + Level 0.3 Fighting
 + Level 2.6 Dodging
 - Level 2.4 Stealth
 - Level 5.0 Spellcasting
 - Level 5.1 Conjurations
 - Level 5.2 Fire Magic
 - Level 3.3 Earth Magic


You had 5 spell levels left.
You knew the following spells:

 Your Spells              Type           Power        Failure   Level  Hunger
h - Flame Tongue          Conj/Fire      ####.        1%          1    None
j - Sticky Flame          Conj/Fire      ####....     12%         4    ####...
k - Stone Arrow           Conj/Erth      ###...       5%          3    ##.....
l - Conjure Flame         Conj/Fire      ####....     3%          3    ##.....

Your spell library contained the following spells:

 Spells                   Type           Power        Failure   Level  Hunger
 Throw Flame              Conj/Fire      ####..       1%          2    None
 Sandblast                Erth           ###...       2%          1    None
 Passwall                 Tmut/Erth      ##......     8%          2    None
 Inner Flame              Hex/Fire       ###.....     11%         3    ##.....
 Fireball                 Conj/Fire      ####......   32%         5    #####..
 Petrify                  Tmut/Erth      ##......     45%         4    ####...
 Lee's Rapid Deconstruct  Erth           ###.......   58%         5    #####..


Dungeon Overview and Level Annotations

Branches:
Dungeon (5/15)             Temple (1/1) D:5

Altars:
Ashenzari
Cheibriados
Fedhas
Makhleb
Nemelex Xobeh
Ru
Trog
Uskayaw
Vehumet
Wu Jian
Xom
Yredelemnul
The Shining One
Lugonu

Shops:
D:4 %=:([   D:5 !


Message History

Aiming: Stone Arrow (safe; 5% risk of failure)
Press: ? - help, Shift-Dir - straight line, f/p - centaur
Aim: a centaur, wielding a +0 shortbow (heavily wounded)
Okay, then.
Cast which spell? (? or * to list)
Aiming: Stone Arrow (safe; 5% risk of failure)
Press: ? - help, Shift-Dir - straight line, f/p - centaur
Aim: a centaur, wielding a +0 shortbow (heavily wounded)
The stone arrow hits the centaur!
The centaur is almost dead.
You are feeling hungry.
The centaur shoots an arrow.
The arrow hits you. The gnoll hits you.
You aren't carrying any items that you can evoke.
Unknown command.
Okay, then.
The gnoll barely misses you.
The centaur shoots an arrow.
The arrow hits you!
You see here an arrow.
The centaur shoots an arrow.
The arrow hits you.
You die...

##.....###.......# ##......
##......##.......## ##...##
###........#.......# #..## ##
##..................# #..##
.###........(#gc.......### ##...#
#.........c.###g.........####....##
###.(....(..# ##.g...##...##......#
##.....g.## ##...##.#.###.......
#.(....Y.## #@.##.#.##.##.##...
##(.......# #.##.#.##.#.#####..
#(...........##.#.##.#.#.## #..
#...........##.#.##.#.#.#.####.
##.........##.#.##.#.###.#.##..
.........##.#.##.#.##.##.#.##.
#........##.#.##.#.##.#.##.#.##
........##.#.##.#.##.#.#.##.#.#
.......##.#.##.#.##.#...#.##.#.


You could see a centaur and 3 gnolls.

Vanquished Creatures
  A sky beast (D:5)
  A scorpion (D:5)
  A crimson imp (Temple)
  An orc priest (D:3)
  2 orc wizards (D:5)
  An iguana (D:5)
  6 worker ants
  A hound skeleton (D:5)
  A howler monkey skeleton (D:4)
  5 adders
  An adder skeleton (D:4)
  3 worms
  A dart slug (D:1)
  4 leopard geckos
  11 orcs
  2 bats (D:2)
  3 giant cockroaches
  3 goblins
  4 hobgoblins
  3 kobolds
  2 quokkas
  A ball python (D:1)
  5 frilled lizards
  A leopard gecko zombie (D:5)
  A rat (D:2)
65 creatures vanquished.

Notes
Turn   | Place    | Note
-------+----------+-------------------------------------------
     0 | D:1      | Duffy the Deep Elf Fire Elementalist began the quest for
                  | the Orb.
     0 | D:1      | Reached XP level 1. HP: 10/10 MP: 6/6
   768 | D:1      | Reached XP level 2. HP: 15/15 MP: 6/8
  1416 | D:2      | Reached XP level 3. HP: 19/19 MP: 7/9
  1421 | D:2      | Learned a level 3 spell: Conjure Flame
  2188 | D:3      | Reached XP level 4. HP: 24/24 MP: 8/11
  2194 | D:3      | Learned a level 4 spell: Sticky Flame
  2550 | D:3      | Found a burning altar of Makhleb.
  2550 | D:3      | Noticed a blizzard demon
  2553 | D:3      | Noticed an orange demon
  2553 | D:3      | Noticed a smoke demon
  3112 | D:4      | Reached XP level 5. HP: 18/28 MP: 8/13
  3257 | D:4      | Got a pair of faintly glowing gloves
  3267 | D:4      | Found Noxoutz's Jewellery Shop.
  3923 | D:4      | Found Otojuivu's Antique Armour Shop.
  3934 | D:4      | Found Vaerr's Antique Weapon Shoppe.
  4002 | D:4      | Found Iromoes's Book Shoppe.
  4074 | D:4      | Found Juac's Food Shop.
  4104 | D:5      | Entered Level 5 of the Dungeon
  4156 | D:5      | Found a staircase to the Ecumenical Temple.
  4172 | Temple   | Entered the Ecumenical Temple
  4214 | Temple   | Became a worshipper of Vehumet
  4291 | D:5      | Learned a level 3 spell: Stone Arrow
  4351 | D:5      | Found a sacrificial altar of Ru.
  4696 | D:5      | Reached skill level 1 in Earth Magic
  4770 | D:5      | Found Yzxiet's Distillery.
  4808 | D:5      | Reached XP level 6. HP: 24/32 MP: 9/15
  4913 | D:5      | Reached skill level 5 in Spellcasting
  4918 | D:5      | Bought a potion of curing for 30 gold pieces
  4918 | D:5      | Bought a potion of agility for 40 gold pieces
  4918 | D:5      | Bought a potion of degeneration for 10 gold pieces
  4918 | D:5      | Bought a potion of mutation for 80 gold pieces
  4995 | D:4      | Identified the cursed +0 pair of gloves of the Hurricane
                  | {rF+ rN+ Str+3 Dex-2} (You found it on level 4 of the
                  | Dungeon)
  5028 | D:5      | Found a shattered altar of Ashenzari.
  5323 | D:5      | Noticed a sky beast
  5332 | D:5      | Killed a sky beast
  5332 | D:5      | Reached skill level 5 in Conjurations
  5332 | D:5      | Reached skill level 5 in Fire Magic
  5354 | Temple   | Reached XP level 7. HP: 36/36 MP: 8/16
  5459 | D:5      | Found an ornate altar of the Wu Jian Council.
  5539 | D:5      | Found a sparkling altar of Nemelex Xobeh.
  5609 | D:5      | Shot with an arrow by a centaur

Levels and vault maps discovered:
D:1:      beargit_arrival_greenhouse, layout_basic, minmay_misc_feat_alley
D:2:      layout_basic, minmay_heptomino_h4
D:3:      layout_loops_cross, makhleb_altar_promises_db, skrybe_limestone_x
D:4:      layout_basic, serial_shops, nicolae_shop_crystal,
          nicolae_shop_temple_entry_statues_fountains, kennysheep_mini, shop,
          shop
D:5:      minmay_inner_zag, layout_layer_cave, nicolae_overflow_crystal_walls,
          nemelex_xobeh_ov_fountains_minmay, nicolae_ru_the_path_less_chosen,
          marbit_many_paths, minmay_temple_entry_drinking_statues, serial_shops,
          nicolae_shop_crystal, first_ration
Temple:   corrupted_temple

Skill      XL: |  1  2  3  4  5  6 |
---------------+-------------------+-----
Conjurations   | 2 3 4 5 |  5.1
Spellcasting   | 4 5 |  5.0
Fire Magic     | 4 5 |  5.2
Earth Magic    | 1 3 |  3.3
Fighting       | |  0.3
Dodging        | |  2.6
Stealth        | |  2.4

Action                   |  1- 3 |  4- 6 |  7- 9 || total
-------------------------+-------+-------+-------++-------
 Cast: Flame Tongue      |    43 |    83 |     9 ||   135
       Sticky Flame      |       |     3 |       ||     3
       Stone Arrow       |       |     1 |     3 ||     4
  Eat: Chunk             |     3 |    10 |     1 ||    14
Armor: Robe              |     2 |    13 |     1 ||    16
Dodge: Dodged            |     6 |    44 |     4 ||    54

Table legend:
 A = Non-vault XP
 B = Vault XP
 C = Vault XP percentage of total XP
 D = Non-vault monster count
 E = Vault monster count
 F = Vault count percentage of total count
                 A         B        C        D         E       F
            +---------+---------+-------+---------+---------+-------
      Total |     755 |      62 |   7.6 |      60 |       5 |   7.7
            +---------+---------+-------+---------+---------+-------
        D:1 |      14 |       0 |   0.0 |       6 |       0 |   0.0
        D:2 |      60 |      18 |  23.1 |      15 |       3 |  16.7
        D:3 |      90 |       0 |   0.0 |      15 |       0 |   0.0
        D:4 |      71 |       0 |   0.0 |       6 |       0 |   0.0
        D:5 |     470 |      44 |   8.6 |      17 |       2 |  10.5
     Temple |      50 |       0 |   0.0 |       1 |       0 |   0.0
            +---------+---------+-------+---------+---------+-------
